 Dungeon Crawl Stone Soup version 0.20-a0-214-gb74cb0e (webtiles) character file.

47 feito the Skirmisher (level 3, 0/34 HPs)
             Began as a Hill Orc Abyssal Knight on Nov 27, 2016.
             Was a Follower of Lugonu.
             Succumbed to an adder's poison
             ... on level 2 of the Dungeon.
             The game lasted 00:04:32 (1086 turns).

feito the Skirmisher (Hill Orc Abyssal Knight)      Turns: 1086, Time: 00:04:33

Health: 0/34       AC:  5    Str: 14    XL:     3   Next: 70%
Magic:  5/5        EV: 10    Int: 12    God:    Lugonu [*.....]
Gold:   58         SH:  3    Dex: 11    Spells: 2/2 levels left

rFire  . . .     SeeInvis .     a - +1 hand axe
rCold  . . .     Gourm    .     b - +0 leather armour
rNeg   . . .     Faith    .     n - +0 buckler
rPois  .         Spirit   .     (no helmet)
rElec  .         Reflect  .     (no cloak)
rCorr  .         Harm     .     m - +0 pair of gloves
MR     +....                    o - +0 pair of boots
Stlth  +.........               (no amulet)
                                (no ring)
                                (no ring)

@: lethally poisoned (0 -> -14)
A: magic resistance 1
a: Depart the Abyss, Renounce Religion


You were on level 2 of the Dungeon.
You worshipped Lugonu.
Lugonu was aware of your devotion.
You were not hungry.

You visited 1 branch of the dungeon, and saw 2 of its levels.
You visited the Abyss 1 time.

You collected 58 gold pieces.

Inventory:

Hand Weapons
 a - a +1 hand axe (weapon)
Missiles
 s - a throwing net (quivered)
Armour
 b - a +0 leather armour (worn)
 m - a +0 pair of gloves (worn)
 n - a +0 buckler (worn)
 o - a +0 pair of boots (worn)
Jewellery
 t - a +3 ring of dexterity {unknown}
Scrolls
 d - 6 scrolls of identify {unknown}
 f - a scroll of immolation {unknown}
 g - 3 scrolls of random uselessness {unknown}
 i - 2 scrolls of enchant armour {unknown}
 j - 3 scrolls of teleportation {unknown}
 p - a scroll of remove curse {unknown}
 r - a scroll of blinking {unknown}
Potions
 h - a potion of berserk rage {unknown}
 q - a potion of flight {unknown}
Comestibles
 c - 2 bread rations
 k - 6 fruits


   Skills:
 * Level 4.3 Fighting
 * Level 3.5 Axes
 + Level 2.3 Armour
 + Level 1.1 Dodging
 + Level 3.1 Invocations


You had 2 spell levels left.
You didn't know any spells.

Dungeon Overview and Level Annotations

Branches:
Dungeon (2/15)

Altars:


Innate Abilities, Weirdness & Mutations

You are resistant to hostile enchantments. (MR+)


Message History

You feel sick. The adder bites you.
* * * LOW HITPOINT WARNING * * *
You are lethally poisoned!
The adder poisons you! The adder closely misses you.
* * * LOW HITPOINT WARNING * * *
You feel sick.
You are too injured to fight recklessly!
You are too injured to fight recklessly!
You are too injured to fight recklessly!
You closely miss the adder.
The adder is moderately wounded.
* * * LOW HITPOINT WARNING * * *
You feel sick. The adder bites you.
* * * LOW HITPOINT WARNING * * *
You are more poisoned.
The adder poisons you!
It was a potion of beneficial mutation.
You feel resistant to hostile enchantments.
You feel fantastic!
You die...

###...#.# #...!.!..
##...#.### #........
#........# ##.......#
#........# #........#
#........# #........#
#........# #........#
#........# #.........
#........####.........
######.....@S.s.......
########.####.... #.#
... #.# .. ... . ...
.... ...


You could see an adder and a giant cockroach.

Vanquished Creatures
  2 adders (D:2)
  An ooze (D:2)
  A dart slug (D:1)
  A ball python (D:2)
  3 giant cockroaches
  3 bats
  2 frilled lizards (D:1)
  5 goblins
  3 kobolds
  3 rats
24 creatures vanquished.

Notes
Turn   | Place    | Note
-------+----------+-------------------------------------------
     0 | Abyss:1  | feito the Hill Orc Abyssal Knight began the quest for the Orb.
     0 | Abyss:1  | Reached XP level 1. HP: 19/19 MP: 2/2
    50 | Abyss:1  | Noticed a large abomination
    51 | D:1      | Escaped the Abyss
   155 | D:1      | Reached * piety under Lugonu
   336 | D:1      | Reached skill level 4 in Fighting
   336 | D:1      | Reached XP level 2. HP: 24/27 MP: 3/3
   437 | D:1      | Reached skill level 1 in Dodging
   722 | D:2      | Reached XP level 3. HP: 30/33 MP: 3/5
  1085 | D:2      | HP: 1/34 [adder (5)]
  1086 | D:2      | Gained mutation: You are resistant to hostile enchantments. (MR+) [potion of beneficial mutation]
  1086 | D:2      | Succumbed to an adder's poison

Vault maps used:
D:1:      dpeg_arrival_tiny_c
D:2:      first_bread

Skill      XL: |  1  2  3 |
---------------+----------+-----
Axes           | 3 |  3.5
Fighting       | 4 |  4.3
Dodging        | 1 |  1.1
Invocations    | 3 |  3.1
Armour         | |  2.3

Action                   || total
-------------------------++-------
Melee: Hand axe          ||    80
Invok: Depart the Abyss  ||     1
  Use: Potion            ||     1
  Eat: Chunk             ||     1
Armor: Leather armour    ||    31
Dodge: Dodged            ||    51
Block: Buckler           ||     6
